[Event "Late-Titled-Tuesday-Blitz-February-06-2024"]
[Site "Chess.com"]
[Date "2024.02.06"]
[Round "3"]
[White "ImportedItalianMaple"]
[Black "ChessBrainiacOnTwitch"]
[Result "0-1"]
[WhiteElo "2510"]
[BlackElo "2860"]
[TimeControl "180+1"]
[EndTime "14:29:22 PST"]
[Termination "ChessBrainiacOnTwitch won by resignation"]

1. Nf3 Nf6 2. g3 e6 3. Bg2 d5 4.
O-O Be7 5. c4 d4 6. b4 O-O 7. a3 c5 8. Bb2 Nc6 9. b5 Nb8 10. e3 dxe3 11. dxe3 Nbd7 12. Ne5 Qc7 13. Nxd7 Bxd7 14. Qb3 Rad8 15. Nc3 h5 16. h3 b6 17. Rad1 Bd6 18. Ne4 Nxe4 19. Bxe4 e5 20. Kg2 h4 21.
Rd2 Be6 22. Rfd1 hxg3 23. fxg3 Qe7 24. Bd5 e4 25. Qc3 f6 26. Qc2 f5 27. Qc3 Rf7 28.
Bxe6 Qxe6 29. Rd5 Qg6 30. Qe1 Rfd7 31. Qf2 Rf8 32. a4 f4 33. exf4 Rxf4 34. Qd2 Rf3 35. g4 Rg3+ 36. Kf1 Qf7+ 37. Ke1 Rg1+ 0-1

[Event "Late-Titled-Tuesday-Blitz-February-06-2024"]
[Site "Chess.com"]
[Date "2024.02.06"]
[Round "3"]
[White "IMSlavin"]
[Black "HaryKane"]
[Result "1-0"]
[WhiteElo "2328"]
[BlackElo "2559"]
[TimeControl "180+1"]
[EndTime "14:29:22 PST"]
[Termination "IMSlavin won on time"]

1. e4 e6 2. Nf3 d5 3. e5 c5 4. b4 cxb4 5. a3 bxa3 6. d4 Nc6 7. c3 Bd7 8. Nxa3 f6 9. Bd3 fxe5 10. dxe5 Bc5 11. O-O Nge7 12. Nb5 Ng6 13. Be3 Bxe3 14. Nd6+ Ke7 15. Bxg6 hxg6 16. fxe3 Qb6 17. Qd3 Raf8 18. Rab1 Nxe5 19. Nxe5 Rxf1+ 20. Kxf1 Rf8+ 21. Kg1 Qxd6 22. Nxg6+ Ke8 23. Nxf8 Kxf8 24. Rxb7 a5 25. Ra7 a4 26. Ra8+ Be8 27. Qg6 Qe7 28. Qg4 e5 29. Qxa4 Kf7 30. Qg4 Bd7 31. Qh5+ Kf6 32. Ra6+ Be6 33. Qh4+ 1-0

[Event "Late-Titled-Tuesday-Blitz-February-06-2024"]
[Site "Chess.com"]
[Date "2024.02.06"]
[Round "3"]
[White "igorknyazev"]
[Black "Laico"]
[Result "0-1"]
[WhiteElo "2139"]
[BlackElo "2378"]
[TimeControl "180+1"]
[EndTime "14:29:22 PST"]
[Termination "Laico won by resignation"]

1. e4 e6 2. d4 d5 3. exd5 exd5 4. Bd3 Nc6 5. Be3 Bd6 6. Qf3 Nf6 7. h3 Qe7 8. Ne2 Ne4 9. Nd2 f5 10. O-O-O O-O 11.
Bf4 Nb4 12. Bxd6 Qxd6 13. c3 Nxd3+ 14. Qxd3 Nxf2 15. Qf3 Nxd1 16. Rxd1 Bd7 17. Nf4 c6 18. Nd3 Rae8 19. Ne5 f4 20. Nb3 Bf5 21. Rf1 Be4 22. Qg4 b6 23. Nd2 c5 24. Nxe4 dxe4 25. Rxf4 cxd4 26.
Rxf8+ Rxf8 27. cxd4 e3 28. Qe4 e2 29. Kd2 Qb4+ 30.
Kxe2 Qxb2+ 31. Ke3 Qc1+ 32. Kd3 Qb1+ 33. Ke3 Qxe4+ 34.
Kxe4 Rf2 35. d5 Kf8 36. d6 Rxg2 37. Nc6 Rd2 38. Ke5 Ke8 39. Nxa7 Kd7 40. Nb5 Rxa2 41. Nd4 Ra5+ 42. Ke4 Kxd6 43. Nf5+ Rxf5 44. Kxf5 b5 0-1

[Event "Late-Titled-Tuesday-Blitz-February-06-2024"]
[Site "Chess.com"]
[Date "2024.02.06"]
[Round "3"]
[White "Schattman"]
[Black "boguszp"]
[Result "1-0"]
[WhiteElo "2394"]
[BlackElo "2099"]
[TimeControl "180+1"]
[EndTime "14:29:23 PST"]
[Termination "Schattman won on time"]

1. f4 d5 2. Nf3 Nf6 3. g3 Bf5 4. Bg2 e6 5. O-O Bd6 6. d3 Nbd7 7. Nc3 c6 8. h3 h5 9. e3 Qc7 10. Qe2 O-O-O 11. e4 Bg6 12. e5 Bc5+ 13. d4 Ne4 14.
Nxe4 dxe4 15. dxc5 exf3 16. Bxf3 Nxc5 17. Be3 Qe7 18. Qc4 Na6 19. a3 Kb8 20. Rad1 Rxd1 21. Rxd1 Rd8 22. Rxd8+ Qxd8 23. Kf2 Nc7 24. Qc5 a6 25.
Qb6 Qd7 26. Qc5 Qd8 27. h4 Nd5 28. Qa7+ Kc8 29. Bc5 Bxc2 30. Bd6 Qb6+ 31. Qxb6 Nxb6 32. Bxh5 g6 33. Be2 Nc4 34. Bxc4 b5 35. Be2 Kd7 36. g4 Be4 37. h5 gxh5 38. gxh5 Bh7 39. Ke3 a5 40. Bd3 Bg8 41. h6 c5 42. Bxc5 Kc6 43.
Bd6 b4 44. axb4 axb4 45. Bxb4 1-0

[Event "Late-Titled-Tuesday-Blitz-February-06-2024"]
[Site "Chess.com"]
[Date "2024.02.06"]
[Round "3"]
[White "Road2GM3000"]
[Black "matagordo"]
[Result "1-0"]
[WhiteElo "2487"]
[BlackElo "2222"]
[TimeControl "180+1"]
[EndTime "14:29:23 PST"]
[Termination "Road2GM3000 won by resignation"]

1. d4 Nf6 2. c4 d6 3. Nc3 e5 4.
dxe5 dxe5 5. Qc2 Be6 6. e3 Nbd7 7. Nf3 c6 8. Be2 Qc7 9. a3 Be7 10. b4 O-O 11. Bb2 Rfd8 12. O-O a6 13. Ne4 h6 14. h3 Re8 15. Rfd1 Rad8 16. Rd2 Nxe4 17. Qxe4 Nf6 18.
Qxe5 Qxe5 19. Bxe5 Nd7 20. Bc3 Ra8 21. Rad1 Nf8 22.
Nd4 Bc8 23. Bg4 Bxg4 24. hxg4 Ng6 25. Nf5 Bf8 26. Rd7 Re4 27. c5 Rb8 28. Rc7 Rxg4 29. Rdd7 Nh8 30. Nd6 b6 31. Nxf7 bxc5 32. bxc5 Rh4 33.
g3 Rc4 34. Bd4 Bxc5 35. Nxh8 Bxd4 36. exd4 Rb1+ 37. Kg2 Kxh8 38. Rxg7 Rxd4 39. Rh7+ Kg8 40. Rcg7+ Kf8 41. Ra7 Kg8 42. Rhg7+ Kh8 43. Rgc7 Rd8 44. Rxc6 Rb3 45. Rxh6+ Kg8 46. Rg6+ Kh8 47. Rh6+ Kg8 48. Rhxa6 Rb2 49. Ra8 Rxa8 50. Rxa8+ Kf7 51. a4 1-0

[Event "Late-Titled-Tuesday-Blitz-February-06-2024"]
[Site "Chess.com"]
[Date "2024.02.06"]
[Round "3"]
[White "h4parah5"]
[Black "Mops_2004"]
[Result "0-1"]
[WhiteElo "2960"]
[BlackElo "2731"]
[TimeControl "180+1"]
[EndTime "14:29:24 PST"]
[Termination "Mops_2004 won by resignation"]

1. Nf3 d5 2. e3 Nf6 3. b3 c6 4. Bb2 Bf5 5. h3 h6 6. g4 Bh7 7. Rg1 Nbd7 8. h4 Qc7 9. g5 hxg5 10. hxg5 Ne4 11. d3 Nd6 12. Rh1 O-O-O 13. g6 fxg6 14. Ng5 Nf6 15. Bxf6 gxf6 16. Rxh7 Rxh7 17. Nxh7 Bg7 18.
Qg4+ f5 19. Qxg6 Bxa1 20. d4 Qa5+ 21. Kd1 Qxa2 22. Nd2 Bc3 23. Qe6+ Kc7 24. Ng5 Rd7 25. Bd3 Ne4 26. Bxe4 fxe4 27. Qe5+ Kb6 28. Ngxe4 Qa1+ 29. Ke2 dxe4 30. Qc5+ Kc7 31. Qe5+ Kc8 32. Nxe4 Qe1+ 33.
Kd3 Bb4 34. Qh8+ Kc7 35. Qe5+ Kb6 36. Nc5 Qd2+ 37. Ke4 Qxc2+ 38. Nd3 Bd6 39. Qe6 Kc7 40. Qf5 Rd8 41. Qa5+ Kd7 42. Qf5+ Kc7 43. Qa5+ Kc8 44. Qxa7 Qxb3 45. Qa8+ Kd7 46. Qa5 Qd5+ 47. Qxd5 cxd5+ 48. Kxd5 e6+ 49. Kc4 Rc8+ 50. Kb3 b5 51. f4 Rh8 52. Kc3 Rh3 53. Kd2 b4 54. e4 b3 55. e5 Be7 56. f5 exf5 57. d5 Rxd3+ 58. Kxd3 Ba3 0-1

[Event "Late-Titled-Tuesday-Blitz-February-06-2024"]
[Site "Chess.com"]
[Date "2024.02.06"]
[Round "3"]
[White "Genghis_K"]
[Black "varunkrishnanchess"]
[Result "1-0"]
[WhiteElo "2901"]
[BlackElo "2642"]
[TimeControl "180+1"]
[EndTime "14:29:24 PST"]
[Termination "Genghis_K won by resignation"]

1. e4 e5 2. Nf3 Nc6 3. d4 exd4 4. Nxd4 Nf6 5. Nxc6 bxc6 6. Bd3 Bc5 7. e5 Nd5 8.
Qg4 g6 9. O-O O-O 10. Nd2 d6 11. Qa4 Bd7 12. Ne4 Nb6 13. Qa5 Bd4 14. Bg5 Qb8 15.
exd6 cxd6 16. Be7 Re8 17. Bxd6 Qc8 18. c3 Bg7 19. Bg3 Qd8 20. Nd6 Re6 21. Rad1 Nd5 22. Qxd8+ Rxd8 23. Nb7 Rc8 24. Nc5 Re7 25. Bd6 Ree8 26.
Nxd7 Rcd8 27. Rfe1 Rxe1+ 28. Rxe1 h5 29. Bc5 Rxd7 30.
Bf1 Nb6 31. g3 Rd2 32. Re2 Rd1 33. Kg2 Nd5 34. c4 Nf6 35. b3 h4 36. gxh4 Nh5 37. Be3 Bf6 38. Rd2 Ra1 39. Be2 Bxh4 40. Bxh5 gxh5 41.
Bxa7 Bg5 42. Re2 Bf6 43. Bc5 Kg7 44. Rc2 h4 45. h3 Rd1 46. b4 Rd7 47. a4 Rb7 48. b5 cxb5 49. cxb5 Rd7 50. a5 Rd5 51. a6 Rg5+ 52. Kf1 Rd5 53. b6 Rd1+ 54. Kg2 Rb1 55. a7 Ra1 56. b7 Rb1 57. b8=Q 1-0

[Event "Late-Titled-Tuesday-Blitz-February-06-2024"]
[Site "Chess.com"]
[Date "2024.02.06"]
[Round "3"]
[White "Sanyura"]
[Black "vladoboch"]
[Result "1-0"]
[WhiteElo "2691"]
[BlackElo "2468"]
[TimeControl "180+1"]
[EndTime "14:29:24 PST"]
[Termination "Sanyura won on time"]

1. Nf3 c5 2. g3 Nc6 3. d3 d6 4.
Nbd2 g6 5. Bg2 Bg7 6. O-O h5 7. e4 Bd7 8. Nh4 Qc8 9. f4 Bg4 10. Ndf3 Nf6 11. f5 Ne5 12. h3 Bxf3 13. Nxf3 Nxf3+ 14. Qxf3 Qd7 15. c3 O-O-O 16. d4 gxf5 17. exf5 cxd4 18. cxd4 Kb8 19. Bf4 Rc8 20. Rfe1 Rc7 21. Qa3 Rhc8 22. Re2 Qxf5 23. Rae1 Nd5 24. Bd2 Bxd4+ 25.
Kh1 Bc5 26. Qb3 Nb6 27. Rf1 Qg6 28. Rxf7 e5 29. Rxc7 Rxc7 30. Qf3 a6 31. b4 Bd4 32.
a4 Qb1+ 33. Kh2 Qg6 34. a5 Nc4 35. Be1 Ka7 36. Bf2 Rf7 37. Bxd4+ exd4 38. Qd5 1-0

[Event "Late-Titled-Tuesday-Blitz-February-06-2024"]
[Site "Chess.com"]
[Date "2024.02.06"]
[Round "3"]
[White "Malev212"]
[Black "terrortoast"]
[Result "1-0"]
[WhiteElo "2661"]
[BlackElo "2447"]
[TimeControl "180+1"]
[EndTime "14:29:24 PST"]
[Termination "Malev212 won on time"]

1. e4 c5 2. Nf3 d6 3. d4 cxd4 4. Nxd4 Nf6 5. Nc3 a6 6. Bc4 e6 7. Be3 b5 8. Bb3 Be7 9. a3 O-O 10. Qe2 Bb7 11. f3 Nc6 12. O-O-O Na5 13. Ba2 Nd7 14.
h4 Nb6 15. Kb1 Nac4 16. Bc1 Rc8 17. Qe1 Qc7 18. Nde2 Bf6 19. b3 Ne5 20. Bg5 Be7 21. f4 Ng4 22. Qg3 Nf6 23. Qd3 d5 24. e5 Ne4 25.
Bxe7 Nxc3+ 26. Nxc3 Qxe7 27. b4 d4 28. Ne2 Na4 29.
Qxd4 Qc7 30. Bb3 Rfd8 31. Qe3 Bd5 32. Rxd5 exd5 33. Rd1 Nb6 34. f5 Re8 35. e6 fxe6 36. fxe6 Qd6 37. Nd4 Nc4 38. Qg5 Nxa3+ 39. Ka2 Nc4 40.
Nf5 Qe5 41. Bxc4 1-0

[Event "Late-Titled-Tuesday-Blitz-February-06-2024"]
[Site "Chess.com"]
[Date "2024.02.06"]
[Round "3"]
[White "crazy_but_lazy"]
[Black "giomar27"]
[Result "0-1"]
[WhiteElo "2600"]
[BlackElo "2430"]
[TimeControl "180+1"]
[EndTime "14:29:24 PST"]
[Termination "giomar27 won on time"]

1. e4 g6 2. d4 Bg7 3. Nc3 a6 4. f4 b5 5. Nf3 d6 6. Bd3 Nd7 7. e5 Bb7 8. h4 h5 9. Ne4 Nh6 10. e6 fxe6 11. Neg5 Nf8 12. Qe2 Qd7 13. Be3 Nf5 14. Bf2 Rc8 15. O-O-O Bd5 16. Kb1 Qc6 17. Rhe1 b4 18. Rc1 Qa4 19. b3 Qa3 20. Bc4 c5 21. Nxe6 Nxe6 22. Bxd5 Nexd4 23. Bxd4 cxd4 24. Qd3 Rc3 25. Qe4 d3 26. Ne5 dxe5 27. fxe5 d2 28. Rcd1 dxe1=Q 29. Rxe1 Nd6 30. Qxg6+ Kd8 31. Qxg7 Nb5 32.
Qxh8+ Kc7 33. Qe8 Kb6 34. Qxe7 Rc7 35. Qe6+ Ka5 0-1

[Event "Late-Titled-Tuesday-Blitz-February-06-2024"]
[Site "Chess.com"]
[Date "2024.02.06"]
[Round "3"]
[White "frequentblunders"]
[Black "reigningmvp"]
[Result "0-1"]
[WhiteElo "2160"]
[BlackElo "2396"]
[TimeControl "180+1"]
[EndTime "14:29:25 PST"]
[Termination "reigningmvp won on time"]

1. d3 d5 2. f4 Nc6 3. Nf3 Bg4 4. Nbd2 Qd7 5. h3 Be6 6. g4 O-O-O 7. f5 Nf6 8. fxe6 Qxe6 9. Bg2 d4 10. Nc4 b5 11. Na3 a6 12. O-O h5 13. g5 Nd5 14.
Qe1 f6 15. e4 dxe3 16. Bxe3 Qxe3+ 17. Qxe3 Nxe3 18. Rfe1 Nxg2 19. Kxg2 e5 20. Re3 Bxa3 21. bxa3 Nd4 22. Nxd4 Rxd4 23. Re4 Rxe4 24. dxe4 Rd8 25. gxf6 gxf6 26. Rf1 Rd2+ 27. Rf2 Rxf2+ 28. Kxf2 Kd7 29.
Kg3 Ke6 30. Kh4 f5 31. Kxh5 f4 32. Kg4 Kf6 33. Kh4 Kg6 34. Kg4 c6 35. Kh4 a5 36.
Kg4 c5 37. Kh4 Kf6 38. Kg4 Ke6 39. Kh4 Kd6 40. Kg4 c4 41. Kh4 b4 42. axb4 axb4 43. Kg4 Ke6 44. Kh4 Ke7 45. Kg4 Kd6 46. Kh4 Kc5 47. Kg4 Kd4 48. Kf3 Kc3 49. h4 Kxc2 50.
h5 b3 51. axb3 cxb3 52. h6 b2 53. h7 b1=Q 54. h8=Q Qf1+ 55. Kg4 f3 56. Qxe5 Qg2+ 57. Kh5 f2 58. Qc5+ Kd3 59. Qd5+ Ke3 60. Qb3+ Kf4 61. Qf7+ Kg3 62. Qg8+ Kh2 63. Qb8+ Kh1 64. Qb1+ f1=Q 65.
Qxf1+ Qxf1 0-1

[Event "Late-Titled-Tuesday-Blitz-February-06-2024"]
[Site "Chess.com"]
[Date "2024.02.06"]
[Round "3"]
[White "Lennis93"]
[Black "DonkyDonkyDonkey"]
[Result "0-1"]
[WhiteElo "2679"]
[BlackElo "2934"]
[TimeControl "180+1"]
[EndTime "14:29:26 PST"]
[Termination "DonkyDonkyDonkey won on time"]

1. d4 Nf6 2. Nf3 g6 3. c4 Bg7 4. Nc3 d5 5. Bf4 O-O 6. Rc1 dxc4 7. e3 c5 8. Bxc4 cxd4 9. Nxd4 Nbd7 10. Bg3 a6 11.
O-O Nh5 12. Bh4 Ne5 13. Be2 Nf6 14. Bg3 Neg4 15. h3 Nh6 16. Bf3 Qe8 17. Na4 e5 18. Nb6 exd4 19. Nxa8 Nf5 20. Nb6 Be6 21. exd4 Qb5 22.
Na4 Nxg3 23. fxg3 Rd8 24. b3 Ne8 25. d5 Bxd5 26. Rc5 Qb4 27. Rxd5 Nd6 28. Kh2 h5 29. h4 Bf6 30. Nc5 Kg7 31. Nd3 Qb6 32. Nf4 Nf5 33. Rxd8 Bxd8 34. Nd5 Qc5 35. Qa1+ f6 36. Qe1 Qd6 37.
Be4 Nxh4 38. Kh1 Nf5 39. Bxf5 Qxd5 40. Be4 Qd6 41. Bxb7 Bc7 42. Bf3 h4 43. Qf2 hxg3 44.
Qe3 Qd8 45. Rc1 Bb6 46. Rd1 Qh8+ 0-1

[Event "Late-Titled-Tuesday-Blitz-February-06-2024"]
[Site "Chess.com"]
[Date "2024.02.06"]
[Round "3"]
[White "reevecanada"]
[Black "BeardedNM"]
[Result "0-1"]
[WhiteElo "2545"]
[BlackElo "2258"]
[TimeControl "180+1"]
[EndTime "14:29:26 PST"]
[Termination "BeardedNM won by checkmate"]

1. e4 e6 2. Nf3 d5 3. Nc3 Nf6 4. e5 Nfd7 5. d4 c5 6. Bg5 Qb6 7. dxc5 Bxc5 8. Qd2 Nc6 9. Na4 Bxf2+ 10. Qxf2 Qb4+ 11.
Bd2 Qxa4 12. Bc3 Qe4+ 13. Kd2 Ndxe5 14. Nxe5 Nxe5 15. Re1 Nc4+ 16. Bxc4 Qxc4 17. Bxg7 Rg8 18. Bc3 Bd7 19. Rhf1 O-O-O 20. Qxa7 Rxg2+ 21. Kc1 Ba4 22. Qa8+ Kc7 23. Rxf7+ Rd7 24. Ba5+ Kd6 25. Qb8+ Kc5 26.
Qc8+ Bc6 27. Qf8+ Kb5 28. Bc3 Rxf7 29. Qxf7 Qa4 30. Qxh7 Qxa2 31. Qd3+ Qc4 32. Qxc4+ Kxc4 33. Rxe6 d4 34. Be1 Rxh2 35. b3+ Kd5 36. Rg6 Rh1 37.
Rg5+ Ke4 38. Kd2 b5 39. Bg3 Kf3 40. Rc5 Kxg3 41. Rxc6 Kf3 42. Kd3 Rd1# 0-1

[Event "Late-Titled-Tuesday-Blitz-February-06-2024"]
[Site "Chess.com"]
[Date "2024.02.06"]
[Round "3"]
[White "LyonBeast"]
[Black "iwanyu"]
[Result "0-1"]
[WhiteElo "3145"]
[BlackElo "2832"]
[TimeControl "180+1"]
[EndTime "14:29:27 PST"]
[Termination "iwanyu won on time"]

1. e4 c6 2. d4 d5 3. e5 c5 4. Ne2 Nc6 5. c3 Bd7 6. h4 Rc8 7. h5 h6 8. f3 Qb6 9. Na3 e6 10. Nc2 cxd4 11. cxd4 Nb4 12. Nxb4 Bxb4+ 13. Kf2 f6 14. Nf4 Ne7 15. a3 fxe5 16. axb4 exf4 17. Bxf4 O-O 18. Qd2 Nc6 19. Be3 Nxb4 20. Kg1 Rc2 21. Qd1 Rxb2 22. Rc1 a5 23. Rh3 a4 24. Rg3 Rf6 25.
Rc3 Na2 26. Rc5 a3 27. Bd3 Nb4 28. Bc1 Nxd3 29. Qxd3 a2 30. Qa3 Rc2 31. Kh2 Qb1 32. Rxc2 Qxc2 33. Bb2 Rf5 34. Qxa2 Rxh5+ 35. Rh3 Rxh3+ 36.
Kxh3 Bb5 37. Qa8+ Kh7 38. Qxb7 Qxb2 0-1

[Event "Late-Titled-Tuesday-Blitz-February-06-2024"]
[Site "Chess.com"]
[Date "2024.02.06"]
[Round "3"]
[White "besarquis"]
[Black "HandKnit"]
[Result "0-1"]
[WhiteElo "2248"]
[BlackElo "2512"]
[TimeControl "180+1"]
[EndTime "14:29:27 PST"]
[Termination "HandKnit won on time"]

1. e4 c5 2. Nf3 e6 3. g3 Nc6 4.
Bg2 e5 5. c3 d6 6. O-O g6 7. h3 Bg7 8. Na3 Nge7 9. Nc2 O-O 10.
d4 b6 11. Bg5 Qc7 12. Qd2 Bb7 13. Rad1 cxd4 14. cxd4 Rac8 15. Rc1 Qb8 16. d5 Ba6 17. dxc6 f6 18. Bh6 Bxf1 19. Bxf1 Rxc6 20. Bxg7 Kxg7 21. Ne3 Rxc1 22. Qxc1 Rc8 23. Qd2 Qc7 24. Bc4 Qc5 25. a4 a5 26. Ne1 Qd4 27.
Qd3 Nc6 28. b3 Qxd3 29. Nxd3 Nd4 30. Nd5 Rb8 31. Kf1 b5 32. axb5 Nxb5 33. Ke1 Nd4 34. Nc1 Ra8 35. Kd2 a4 36. bxa4 Rxa4 37. Ne3 f5 38.
exf5 gxf5 39. Ne2 Nf3+ 40. Kd3 e4+ 41. Kc3 Kf6 42. Nf4 Ra1 43. Ned5+ Ke5 44. Ne7 Rc1+ 0-1

[Event "Late-Titled-Tuesday-Blitz-February-06-2024"]
[Site "Chess.com"]
[Date "2024.02.06"]
[Round "3"]
[White "Englishman_18"]
[Black "fks_stal_mielec"]
[Result "1-0"]
[WhiteElo "2175"]
[BlackElo "2336"]
[TimeControl "180+1"]
[EndTime "14:29:27 PST"]
[Termination "Englishman_18 won by checkmate"]

1. Nf3 c5 2. c4 g6 3. Nc3 Bg7 4. e3 Nc6 5. d4 cxd4 6. exd4 d6 7. d5 Ne5 8. Be2 Bf5 9. O-O Nxf3+ 10. Bxf3 Nf6 11.
Bd2 Qc8 12. b3 O-O 13. Re1 Re8 14. Rc1 Qd7 15. Be3 b6 16. Nb5 Qb7 17. Nd4 Bd7 18. b4 Rac8 19. Nc6 Bxc6 20. dxc6 Qc7 21. b5 Rcd8 22.
Bd4 e5 23. Ba1 e4 24. Bxf6 Bxf6 25. Bxe4 Bb2 26. Rc2 Ba3 27. Rce2 Bb4 28. Rf1 Re7 29. Bd5 Rde8 30. Rxe7 Qxe7 31. Qb3 Bc5 32. Qf3 Kg7 33. h4 Rf8 34. g3 Qf6 35. Qxf6+ Kxf6 36. Re1 Rd8 37. Re4 Rc8 38. Rf4+ Ke7 39. Rxf7+ Ke8 40. Rxa7 h5 41. Rh7 Kf8 42. Rh8+ Kg7 43. Rxc8 Kh6 44. Ra8 Bd4 45. c7 Bc5 46. c8=Q Bb4 47. Qh8# 1-0

[Event "Late-Titled-Tuesday-Blitz-February-06-2024"]
[Site "Chess.com"]
[Date "2024.02.06"]
[Round "3"]
[White "cristianserban1"]
[Black "ChessLover0108"]
[Result "0-1"]
[WhiteElo "2521"]
[BlackElo "3006"]
[TimeControl "180+1"]
[EndTime "14:29:28 PST"]
[Termination "ChessLover0108 won by resignation"]

1. d4 g6 2. e4 Bg7 3. Nc3 d6 4. f4 Nf6 5. Qd2 O-O 6. e5 Nfd7 7. Ne4 c5 8. c3 cxd4 9. cxd4 Nc6 10. Nf3 Nb6 11.
Be2 Bf5 12. Ng3 Bg4 13. O-O dxe5 14. dxe5 Qxd2 15. Bxd2 Rfd8 16. Rad1 Be6 17. b3 a5 18. Ng5 Nd4 19. Nxe6 fxe6 20. Be3 Nxe2+ 21. Nxe2 Nd5 22. Bc5 a4 23. bxa4 b6 24. Bf2 Rxa4 25. Nc3 Rxf4 26. Nxd5 exd5 27. Bxb6 Rxf1+ 28. Kxf1 Rb8 29. Bc5 e6 30.
Bd6 Ra8 31. a3 Bf8 32. Bxf8 Kxf8 33. Rd3 Ke7 34. Ke2 Ra4 35. Kf3 g5 36. h3 h5 37. Rb3 Kf7 38. Rb7+ Kg6 39. Rb3 Kf5 40. Re3 h4 41. g4+ hxg3 42. Kxg3 d4 43. Rf3+ Kxe5 44. Kg4 d3+ 45. Kxg5 d2 46. Re3+ Re4 47. Rd3 Rd4 48. Re3+ Kd5 0-1

[Event "Late-Titled-Tuesday-Blitz-February-06-2024"]
[Site "Chess.com"]
[Date "2024.02.06"]
[Round "3"]
[White "Kostukov_Alex"]
[Black "Mazetovic"]
[Result "0-1"]
[WhiteElo "2285"]
[BlackElo "2606"]
[TimeControl "180+1"]
[EndTime "14:29:28 PST"]
[Termination "Mazetovic won on time"]

1. g3 e5 2. c4 Nf6 3. Bg2 c6 4. a3 d5 5. cxd5 cxd5 6. d4 e4 7.
Bg5 Be6 8. Nc3 Nc6 9. Nh3 Bd6 10. O-O O-O 11. Nf4 Bxf4 12. Bxf4 h6 13. Rc1 Qb6 14. Na4 Qxd4 15. Nc5 Qxb2 16. Nxe6 fxe6 17. Rb1 Qxa3 18. Rxb7 Rf7 19. Qb1 Nd4 20. Rxf7 Kxf7 21. Qb7+ Kg6 22. Qxa8 Nxe2+ 23. Kh1 Nxf4 24. gxf4 Qd6 25.
Qxa7 Qxf4 26. Qe3 e5 27. Rg1 Kh7 28. Bh3 g5 29. Rb1 Kg6 30. Rb6 d4 31. Qxf4 gxf4 32. Bf1 Kf5 33. Bh3+ Kg5 34. Re6 e3 35. Rxe5+ Kh4 36.
Bf1 Ng4 37. Re4 Nxf2+ 38. Kg2 Nxe4 39. Kf3 Nd2+ 40. Ke2 Nxf1 41. Kxf1 f3 0-1

[Event "Late-Titled-Tuesday-Blitz-February-06-2024"]
[Site "Chess.com"]
[Date "2024.02.06"]
[Round "3"]
[White "Njal28"]
[Black "CarrotsandPizza"]
[Result "1-0"]
[WhiteElo "3012"]
[BlackElo "2520"]
[TimeControl "180+1"]
[EndTime "14:29:29 PST"]
[Termination "Njal28 won on time"]

1. d4 Nf6 2. c4 g6 3. Nc3 Bg7 4. e4 d6 5. Be2 O-O 6. Nf3 Na6 7.
O-O e5 8. Re1 c6 9. Be3 Qe7 10.
h3 exd4 11. Bxd4 Re8 12. Bf1 h6 13. Rb1 Nc5 14. Qc2 a5 15. Rbd1 Bd7 16. b3 Rad8 17.
Bxc5 dxc5 18. e5 Nh7 19. Qc1 Bf5 20. Rxd8 Qxd8 21. g4 Bc8 22. Ne4 Ng5 23. Nfxg5 hxg5 24. Nf6+ Bxf6 25. exf6 Rxe1 26. Qxe1 Be6 27. Qe5 Qd4 28. Qxg5 a4 29. bxa4 Kf8 30. Qh4 Ke8 31. Qh8+ Kd7 32. Qb8 Qxf6 33. Qxb7+ Kd6 34. Qb8+ Kd7 35. a5 Qa1 36. Qb3 Qe1 37. a6 Qa5 38. Qb7+ Kd6 39. Qb8+ Ke7 40. a7 1-0

[Event "Late-Titled-Tuesday-Blitz-February-06-2024"]
[Site "Chess.com"]
[Date "2024.02.06"]
[Round "3"]
[White "TimGrutter03"]
[Black "MikaelyanArman"]
[Result "0-1"]
[WhiteElo "2588"]
[BlackElo "2859"]
[TimeControl "180+1"]
[EndTime "14:29:30 PST"]
[Termination "MikaelyanArman won on time"]

1. c4 Nf6 2. Nf3 d6 3. g3 g6 4.
Bg2 Bg7 5. O-O O-O 6. d4 a6 7.
Nc3 c6 8. e4 Bg4 9. h3 Bxf3 10.
Bxf3 Nbd7 11. Bg2 e5 12. d5 c5 13. b3 Nh5 14. Bb2 Qe8 15. Bf3 Nhf6 16. a3 Kh8 17.
b4 Rc8 18. Qd3 Nb6 19. b5 a5 20. a4 Ng8 21. Bg4 f5 22. exf5 e4 23. Qe2 gxf5 24. Bh5 Qe7 25. f3 Qg5 26. g4 exf3 27. Rxf3 fxg4 28. hxg4 Rxf3 29. Qxf3 Nxc4 30. Ne4 Qxd5 31.
Bxg7+ Kxg7 32. Rd1 Ne5 33. Rxd5 Nxf3+ 34. Kf2 Rf8 35.
Rxd6 Nd2+ 36. Kg2 Nxe4 37. Rd7+ Kh6 38. Rxb7 Rf2+ 39. Kg1 Ngf6 40. Rc7 Rb2 41. Rc6 Kg5 42.
Bf7 Nxg4 43. Bd5 Ng3 44. Rxc5 Ne3 45. Bf3+ Kf4 0-1

[Event "Late-Titled-Tuesday-Blitz-February-06-2024"]
[Site "Chess.com"]
[Date "2024.02.06"]
[Round "3"]
[White "ural58"]
[Black "GeorgiosSouleidis"]
[Result "0-1"]
[WhiteElo "2472"]
[BlackElo "2698"]
[TimeControl "180+1"]
[EndTime "14:29:30 PST"]
[Termination "GeorgiosSouleidis won by resignation"]

1. e4 c5 2. b3 e6 3. Nf3 a6 4.
Bb2 d6 5. d4 cxd4 6. Nxd4 Nf6 7.
Nc3 Be7 8. Qd2 Qc7 9. O-O-O Nc6 10.
Nxc6 Qxc6 11. f3 O-O 12. g4 b5 13. Ne2 e5 14. g5 Nh5 15. h4 Be6 16. Bh3 Rac8 17. Kb1 a5 18. Rc1 a4 19. g6 hxg6 20.
Bxe6 fxe6 21. Rhg1 Kh7 22. Rg4 Rxf3 23. Rcg1 Rf6 24. Ng3 Nxg3 25. R4xg3 axb3 26. axb3 Qxe4 27. h5 g5 28. Rxg5 Rf1+ 29. Rxf1 Bxg5 30. Qf2 Bf4 31.
Rg1 Be3 32. Qg2 Qxg2 33. Rxg2 Bh6 34. Rg1 Rf8 35. Rd1 e4 36. Rxd6 Rf1+ 37. Ka2 Rf2 38. Rxe6 e3 39. Ka3 Rxc2 40. Bd4 e2 41. Kb4 Bd2+ 42.
Kxb5 e1=Q 0-1

[Event "Late-Titled-Tuesday-Blitz-February-06-2024"]
[Site "Chess.com"]
[Date "2024.02.06"]
[Round "3"]
[White "Fandorine"]
[Black "karinachess1"]
[Result "1/2-1/2"]
[WhiteElo "2949"]
[BlackElo "2661"]
[TimeControl "180+1"]
[EndTime "14:29:31 PST"]
[Termination "Game drawn by repetition"]

1. Nf3 Nf6 2. c4 e6 3. g3 d5 4. Bg2 dxc4 5. O-O c6 6. a4 Be7 7.
a5 O-O 8. Qa4 Qd5 9. Na3 Bxa3 10. Rxa3 Na6 11. d3 cxd3 12. exd3 e5 13. Bg5 Qd6 14. Re1 Re8 15. d4 exd4 16. Rxe8+ Nxe8 17. Bf4 Qb4 18. Qxb4 Nxb4 19. Nxd4 a6 20. h3 Nf6 21. Bd6 Nbd5 22. Nb3 Bf5 23. Nc5 Rd8 24. Nxb7 Rd7 25.
Bxd5 Nxd5 26. Rb3 Bc2 27. Nc5 Bxb3 28. Nxd7 Bc4 29. Nc5 f6 30. g4 Kf7 31. Kg2 Bb5 32. f4 Nb4 33. f5 Nd3 34. Nxd3 Bxd3 35. b4 Bb5 36. Kg3 Ba4 37. h4 h6 38. Kf4 Bb5 39. Bc5 Ba4 40. Bd4 Bb5 41. Bc3 Ba4 42. Ba1 Bb5 43.
Bd4 Ba4 44. g5 hxg5+ 45. hxg5 fxg5+ 46. Kxg5 Bb5 47. Bc5 Ba4 48. Bd6 Bb5 49. Be5 Ba4 50.
Bd4 Bb5 51. Bc5 Ba4 52. Bd4 1/2-1/2

[Event "Late-Titled-Tuesday-Blitz-February-06-2024"]
[Site "Chess.com"]
[Date "2024.02.06"]
[Round "3"]
[White "Marcan2b"]
[Black "bilelou"]
[Result "1/2-1/2"]
[WhiteElo "3000"]
[BlackElo "2746"]
[TimeControl "180+1"]
[EndTime "14:29:32 PST"]
[Termination "Game drawn by repetition"]

1. Nf3 Nf6 2. g3 d5 3. Bg2 e6 4. O-O Be7 5. c4 O-O 6. b3 d4 7. e3 Nc6 8. exd4 Nxd4 9. Bb2 Bc5 10. d3 Nxf3+ 11. Bxf3 Bd4 12. Nc3 c6 13. Re1 e5 14.
Qc2 Bf5 15. Rad1 Re8 16. Ne2 Bxb2 17. Qxb2 Qc7 18. d4 exd4 19. Nxd4 Bg6 20. Kg2 h6 21. b4 Rxe1 22. Rxe1 Rd8 23. Nb3 Bd3 24. Qc3 Bf5 25. Qe5 Qc8 26. Kg1 Re8 27. Qa1 Be4 28. Bxe4 Nxe4 29.
h4 b6 30. Qd4 Nf6 31. Rxe8+ Qxe8 32. Nd2 Qe7 33. a3 Kf8 34. Kg2 Ke8 35. Nf3 Qe4 36.
Qc3 Kf8 37. Kg1 Ng4 38. Qd4 Qxd4 39. Nxd4 Ne5 40. c5 bxc5 41. bxc5 a6 42. f4 Nd3 43.
Nxc6 Nxc5 44. Kf2 Ke8 45. Ke3 Kd7 46. Ne5+ Ke6 47. Kd4 Nb7 48. Nd3 Kd6 49. Nb4 a5 50. Nd3 Nd8 51. Kc4 Kc6 52. Ne5+ Kb6 53. Kd5 Kb5 54. Kd6 f6 55. Nd3 Ka4 56. Ke7 Nc6+ 57. Kf7 Kxa3 58. Kxg7 Kb3 59. Kxh6 Kc3 60. Nc5 Kb4 61.
Nd3+ Kc3 62. Nc5 Kb4 63. Nd3+ Kc3 1/2-1/2